 Dungeon Crawl Stone Soup version 0.29.0-4-gdea44cf6ec (webtiles) character file.

Game seed: 392747407266468901

36 qw the Chopper (level 3, 0/21 HPs)
             Began as a Tengu Warper on Aug 28, 2022.
             Succumbed to an adder's poison
             ... on level 2 of the Dungeon.
             The game lasted 00:00:05 (1130 turns).

qw the Chopper (Tengu Warper)                       Turns: 1130, Time: 00:00:06

Health: 0/21       AC:  3    Str: 13    XL:     3   Next: 37%
Magic:  7/7        EV: 12    Int: 13    God:
Gold:   50         SH:  0    Dex: 13    Spells: 6/6 levels left

rFire   . . .      SeeInvis .   Y - +0 hand axe
rCold   . . .      Faith    .   (no shield)
rNeg    . . .      Spirit   .   b - +0 leather armour
rPois   .          Reflect  .   (helmet restricted)
rElec   .          Harm     .   (no cloak)
rCorr   .          Rampage  .   (no gloves)
Will    .....                   (boots unavailable)
Stlth   +.........              (no amulet)
HPRegen 0.07/turn               (no ring)
MPRegen 0.10/turn               (no ring)

@: lethally poisoned (0 -> -3)
A: beak, talons 3
a: no special abilities


You were on level 2 of the Dungeon.
You visited 1 branch of the dungeon, and saw 2 of its levels.

You collected 50 gold pieces.


Innate Abilities, Weirdness & Mutations

You have a beak for a mouth.
You have claws for feet.


   Skills:
 - Level 2.0 Fighting
 + Level 4.1 Axes
 - Level 1.0 Throwing
 - Level 1.1 Armour
 - Level 2.1 Dodging
 - Level 2.0 Spellcasting
 - Level 2.4 Translocations


You had 6 spell levels left.
You didn't know any spells.
Your spell library contained the following spells:

 Spells                   Type           Power      Damage    Failure   Level
 Blink                    Tloc           14%        N/A       19%         2
 Gell's Gravitas          Tloc           7%         N/A       36%         3
 Lesser Beckoning         Tloc           7%         N/A       36%         3
 Teleport Other           Tloc           7%         N/A       36%         3
 Manifold Assault         Tloc           7%         N/A       98%         5

Inventory:

Hand Weapons
 Y - a +0 hand axe (weapon)
Armour
 b - a +0 leather armour (worn)
Scrolls
 a - 3 scrolls of identify
 c - 2 scrolls of enchant weapon {unknown}
 e - a scroll of amnesia {unknown}
Potions
 d - a potion of curing

Dungeon Overview and Level Annotations

Branches:
Dungeon (2/15)

Altars:

Shops:
D:1 ?


Message History

The adder bites you.
You are poisoned.
The adder poisons you! The endoplasm closely misses you. The adder bites you.
A ball python comes into view.
The ball python hisses angrily.
You hit the endoplasm but do no damage. You claw the endoplasm.
You peck the endoplasm.
The endoplasm is severely wounded.
You completely miss the adder.
You feel sick. The adder bites you but does no damage.
The endoplasm hits you but does no damage.
You hit the endoplasm. You claw the endoplasm.
You kill the endoplasm!
You hit the adder but do no damage. You barely miss the goblin.
You feel sick. The adder misses you. The goblin misses you.
You barely miss the adder. You closely miss the goblin.
You barely miss the rat.
You feel sick. The adder closely misses you.
The goblin hits you with a +0 club. The rat bites you but does no damage.
The adder bites you.
You are more poisoned.
The adder poisons you!
You closely miss the adder. You closely miss the goblin. You hit the rat.
You kill the rat!
You feel sick. The adder misses you. The goblin completely misses you.
You hit the adder.
The adder is lightly wounded.
You hit the ball python.
You kill the ball python!
You closely miss the goblin.
You feel sick. The adder bites you. The goblin hits you but does no damage.
The adder misses you.
You barely miss the adder. Your kick misses the adder.
Your punch misses the adder.
The adder is lightly wounded.
You closely miss the goblin.
You feel sick. The goblin barely misses you.
The adder bites you but does no damage.
You closely miss the adder. Your kick misses the adder.
The adder is lightly wounded.
You miss the goblin.
You die...

.######.....# .. ....
............. (.##. #..
..........### .... ...
..........# .......
...........#
###..#.##...........###
#....#(##....[.(....'<#
#..g.##...........###
#..S@##.#####+#####
#..#.##.# #.## # ##
##..#.##.#####..### # ..
#............##...# # #.
###.#.##.......##.# #
#.#####'#.##...###.##.####
#........###.### #.##....)
#..<[....# #.# #.......#
#........# #.# #######..


You could see an adder and a goblin.

Vanquished Creatures
  An adder (D:2)
  2 ball pythons
  2 bats (D:1)
  3 endoplasms
  A giant cockroach (D:1)
  2 goblins
  5 hobgoblins (D:1)
  2 quokkas
  2 frilled lizards (D:1)
  3 kobolds
  A rat (D:2)
24 creatures vanquished.

Vanquished Creatures (others)
  2 fungi (D:1)
  A plant (D:1)
3 creatures vanquished.

Grand Total: 27 creatures vanquished

Notes
Turn   | Place    | Note
-------+----------+-------------------------------------------
     0 | D:1      | qw the Tengu Warper began the quest for the Orb.
     0 | D:1      | Reached XP level 1. HP: 12/12 MP: 4/4
     0 | D:1      | 0 ||| qw: Version: 0.1-a-89-g26bdef1
     0 | D:1      | 0 ||| qw: Game counter: 140
     0 | D:1      | 0 ||| qw: Always use a shield: true
     0 | D:1      | 0 ||| qw: God list: Okawaru
     0 | D:1      | 0 ||| qw: Allow faded altars: false
     0 | D:1      | 0 ||| qw: Do Orc after D:15 true
     0 | D:1      | 0 ||| qw: Do second Lair branch before Depths: true
     0 | D:1      | 0 ||| qw: Lair rune preference: random
     0 | D:1      | 0 ||| qw: Plans: Normal
     0 | D:1      | 0 ||| PLANNING D:1-11
    57 | D:1      | 57 ||| Stepping ~*~*~tactically~*~*~ (stealth).
    61 | D:1      | 61 ||| Stepping ~*~*~tactically~*~*~ (stealth).
    62 | D:1      | 62 ||| Stepping ~*~*~tactically~*~*~ (stealth).
    69 | D:1      | 69 ||| Stepping ~*~*~tactically~*~*~ (stealth).
    71 | D:1      | 71 ||| Stepping ~*~*~tactically~*~*~ (stealth).
    84 | D:1      | 84 ||| Stepping ~*~*~tactically~*~*~ (stealth).
   357 | D:1      | Found Zukhlycs's Magic Scroll Boutique.
   367 | D:1      | 367 ||| SHOPLISTING 2 scrolls of identify (40 gold, have
                  | 21).
   367 | D:1      | 367 ||| SHOPLISTING scroll of enchant armour (75 gold, have
                  | 21).
   470 | D:1      | Reached XP level 2. HP: 14/17 MP: 6/6
   537 | D:1      | Reached skill level 3 in Axes
   569 | D:1      | 569 ||| Stepping ~*~*~tactically~*~*~ (stealth).
   588 | D:1      | 588 ||| Stepping ~*~*~tactically~*~*~ (stealth).
   591 | D:1      | 591 ||| Stepping ~*~*~tactically~*~*~ (stealth).
   593 | D:1      | 593 ||| Stepping ~*~*~tactically~*~*~ (stealth).
   594 | D:1      | 594 ||| Stepping ~*~*~tactically~*~*~ (stealth).
   727 | D:1      | Found a faded altar of an unknown god.
   968 | D:1      | 968 ||| READING 3 scrolls labelled GOKKI AFEREI.
   969 | D:1      | 969 ||| DRINKING 2 ruby potions.
   970 | D:1      | 970 ||| DROPPING scroll of blinking.
  1096 | D:2      | 1096 ||| Stepping ~*~*~tactically~*~*~ (stealth).
  1100 | D:2      | Reached XP level 3. HP: 21/21 MP: 7/7
  1101 | D:2      | Reached skill level 4 in Axes
  1128 | D:2      | HP: 2/21 [adder (4)]
  1130 | D:2      | Succumbed to an adder's poison

Levels and vault maps discovered:
D:1:      psy_arrival_fountain, layout_basic, serial_shops,
          nicolae_lakefront_shop, shapermc_ecumenical_altar_rom_forum
D:2:      layout_basic, amcnicky_mini_rare_corridor_liquid

Skill      XL: |  1  2  3 |
---------------+----------+-----
Axes           | 3 4 |  4.1
Fighting       | |  2.0
Throwing       | |  1.0
Armour         | |  1.1
Dodging        | |  2.1
Spellcasting   | |  2.0
Translocations | |  2.4

Action                   || total
-------------------------++-------
Melee: Hand axe          ||    36
       Peck              ||     6
       Kick              ||     6
Throw: Boomerang         ||     7
       Javelin           ||    14
  Use: Scroll            ||     1
       Potion            ||     1
Armor: Leather armour    ||     9
Dodge: Dodged            ||    21

Table legend:
 A = Non-vault XP
 B = Vault XP
 C = Vault XP percentage of total XP
 D = Non-vault monster count
 E = Vault monster count
 F = Vault count percentage of total count
                 A         B        C        D         E       F
            +---------+---------+-------+---------+---------+-------
      Total |      52 |       0 |   0.0 |      24 |       0 |   0.0
            +---------+---------+-------+---------+---------+-------
        D:1 |      30 |       0 |   0.0 |      17 |       0 |   0.0
        D:2 |      22 |       0 |   0.0 |       7 |       0 |   0.0
            +---------+---------+-------+---------+---------+-------
